 Dungeon Crawl Stone Soup version 0.30-a0-652-gcc886f7154 (webtiles) character file.

Game seed: 12461086503884778331

128 wormed the Ducker (level 5, -6/36 HPs)
             Began as an Octopode Warper on Jan 18, 2023.
             Killed from afar by a white imp (12 damage)
             ... with a puff of frost
             ... on level 4 of the Dungeon.
             The game lasted 00:05:41 (2929 turns).

wormed the Ducker (Octopode Warper)                 Turns: 2929, Time: 00:05:42

Health: -6/36      AC:  1    Str: 10    XL:     5   Next: 11%
Magic:  5/9        EV: 13    Int: 18    God:
Gold:   12         SH:  0    Dex: 11    Spells: 4/9 levels left

rFire   . . .      SeeInvis .      - Unarmed
rCold   . . .      Faith    .    (no shield)
rNeg    . . .      Spirit   .    (helmet restricted)
rPois   .          Reflect  .    (no amulet)
rElec   .          Harm     .    (no ring)
rCorr   .          Rampage  .    (no ring)
Will    .....                    (no ring)
Stlth   ++                       (no ring)
HPRegen 0.26/turn                (no ring)
MPRegen 0.11/turn                (no ring)
                                 (no ring)
                                 (no ring)

@: wereblooded (expiring), on blink cooldown
A: almost no armour, amphibious, 8 rings, camouflage 1, gelatinous body 1,
(nimble swimmer 1), tentacles
a: no special abilities


You were on level 4 of the Dungeon.
You visited 1 branch of the dungeon, and saw 4 of its levels.

You collected 192 gold pieces.
You spent 180 gold pieces at shops.

Inventory:

Scrolls
 a - a scroll of enchant armour {unknown}
 c - a scroll of poison {unknown}
 d - a scroll of acquirement {unknown}
 e - 4 scrolls of identify
Potions
 b - a potion of ambrosia {unknown}
 f - a potion of mutation
 h - a potion of haste {unknown}


   Skills:
 - Level 3.0 Fighting
 - Level 1.0 Throwing
 - Level 3.3 Dodging
 - Level 3.0 Unarmed Combat
 + Level 2.9 Spellcasting
 * Level 3.0 Translocations
 * Level 0.0 Transmutations


You had 4 spell levels left.
You knew the following spells:

 Your Spells              Type           Power      Damage    Failure   Level
a - Beastly Appendage     Tmut           4%         N/A       16%         1
b - Wereblood             Tmut           2%         N/A       24%         2
k - Blink                 Tloc           26%        N/A       8%          2

Your spell library contained the following spells:

 Spells                   Type           Power      Damage    Failure   Level
 Lesser Beckoning         Tloc           26%        N/A       8%          2
 Teleport Other           Tloc           13%        N/A       14%         3
 Magic Dart               Conj           8%         1d3       17%         1
 Call Imp                 Summ           2%         N/A       26%         2
 Cigotuvi's Dreadful Rot  Necr/Pois/Air  4%         N/A       26%         2
 Poisonous Vapours        Pois/Air       4%         N/A       26%         2
 Vhi's Electric Charge    Tloc/Air       16%        N/A       26%         3
 Spider Form              Tmut/Pois      2%         N/A       43%         3
 Manifold Assault         Tloc           13%        N/A       43%         4
 Mephitic Cloud           Conj/Pois/Air  2%         N/A       45%         3


Dungeon Overview and Level Annotations

Branches:
Dungeon (4/15)
 Temple: D:4-7

Altars:

Shops:
D:3 :

Annotations:
D:3 Eustachio, Grinder


Innate Abilities, Weirdness & Mutations

You cannot wear most types of armour.
You are amphibious.
You can wear up to eight rings at the same time.
Your skin changes colour to match your surroundings (Stealth+).
Your rubbery body absorbs attacks. (AC +1, EV +1)
((You are camouflaged when in or above water. (Stealth+)))
You have tentacles for arms and can constrict up to eight enemies at once.


Message History

The phantom closely misses you.
You tentacle-slap the phantom.
Your tentacle-slap misses the phantom.
The phantom is lightly damaged.
The phantom hits you.
You closely miss the phantom.
The phantom is lightly damaged.
The phantom hits you.
You tentacle-slap the phantom.
Your tentacle spike misses the phantom.
You tentacle-slap the phantom.
The phantom is moderately damaged.
The phantom hits you!
The phantom blinks!
You blink.
Found an escape hatch in the floor.
You tentacle-slap the phantom.
Your tentacle spike misses the phantom.
The phantom is heavily damaged.
The white imp grinds its teeth.
The phantom hits you.
You closely miss the phantom.
Your tentacle spike misses the phantom.
You squeeze the phantom.
The phantom is severely damaged.
The white imp gestures at you. The puff of frost hits you.
The phantom hits you.
* * * LOW HITPOINT WARNING * * *
The phantom blinks!
You blink.
An endoplasm comes into view.
You tentacle-slap the phantom.
The phantom is severely damaged.
The endoplasm quivers.
The phantom hits you.
* * * LOW HITPOINT WARNING * * *
You closely miss the phantom.
The phantom is severely damaged.
Your tentacle spike disappears.
The phantom misses you.
Casting: Wereblood (dangerous; 24% risk of failure)
Confirm with . or Enter, or press ? or * to list all spells.
You blink.
Your primal bloodlust is almost over.
The white imp gestures at you. The puff of frost hits you!
You die...

..##..........<..#.
##.##............#.
#.$.#............#.
## #W.5............
.##..#.###.#.#####
#^#..#.# #.#(..#
#.#....# #.###.#
#......# #.# #.#
#@##..## #.# #.#
#....#..## #.###.#
..........##
#.....# ####.....#
####### #######


You could see a white imp.

Vanquished Creatures
  Natasha (thrice) (D:3)
  An adder (D:3)
  A worm (D:2)
  An orc (D:3)
  4 ball pythons
  2 bats (D:1)
  An endoplasm (D:1)
  A giant cockroach (D:1)
  4 goblins
  3 hobgoblins
  9 jackals
  A quokka (D:1)
  2 frilled lizards
  4 kobolds
  2 rats (D:1)
39 creatures vanquished.

Vanquished Creatures (others)
  19 plants (D:3)
19 creatures vanquished.

Grand Total: 58 creatures vanquished

Notes
Turn   | Place    | Note
-------+----------+-------------------------------------------
     0 | D:1      | wormed the Octopode Warper began the quest for the Orb.
     0 | D:1      | Reached XP level 1. HP: 14/14 MP: 3/3
   197 | D:1      | Reached XP level 2. HP: 16/19 MP: 5/5
   828 | D:1      | Learned a level 2 spell: Blink
  1113 | D:2      | Reached XP level 3. HP: 25/25 MP: 6/6
  1403 | D:3      | Noticed Grinder
  1736 | D:3      | Found Vifyohe's Book Shoppe.
  1815 | D:3      | Paralysed by Grinder for 5 turns
  2048 | D:4      | Noticed a phantom
  2049 | D:4      | Noticed Eustachio
  2228 | D:3      | Noticed Natasha
  2235 | D:3      | Killed Natasha
  2236 | D:3      | Reached XP level 4. HP: 30/30 MP: 7/7
  2386 | D:3      | Noticed Natasha
  2392 | D:3      | Killed Natasha
  2468 | D:3      | Noticed Natasha
  2521 | D:3      | Killed Natasha
  2522 | D:3      | Reached XP level 5. HP: 17/36 MP: 9/9
  2648 | D:3      | Bought a book of Changes for 180 gold pieces
  2650 | D:3      | Learned a level 1 spell: Beastly Appendage
  2653 | D:3      | Learned a level 2 spell: Wereblood
  2929 | D:4      | Killed from afar by a white imp

Illustrated notes

Levels and vault maps discovered:
D:1:      dpeg_arrival_boxorama, layout_rooms
D:2:      layout_basic
D:3:      layout_loops_corners, serial_shops, shop, serial_bayou_lagoon_b,
          uniq_grinder, uniq_natasha
D:4:      layout_basic, ashenzari_altar_1, marbit_many_paths, chequers_avenue,
          minmay_pentomino_pile, uniq_menkaure, uniq_eustachio

Skill      XL: |  1  2  3  4 |
---------------+-------------+-----
Dodging        | 3 |  3.3
Fighting       | 3 |  3.0
Unarmed Combat | 3 |  3.0
Throwing       | |  1.0
Spellcasting   | |  2.9
Translocations | |  3.0

Action                   |  1- 3 |  4- 6 || total
-------------------------+-------+-------++-------
Melee: Unarmed           |    76 |    33 ||   109
       Constrict         |    21 |     6 ||    27
       Tentacles         |    15 |     6 ||    21
       Punch             |     3 |     1 ||     4
 Cast: Blink             |       |     2 ||     2
       Wereblood         |       |     2 ||     2
       Beastly Appendage |       |     1 ||     1
  Use: Scroll            |     7 |       ||     7
       Potion            |     1 |       ||     1
 Stab: Sleeping          |     4 |       ||     4
       Distracted        |     1 |       ||     1
Armor: Skin              |     3 |     3 ||     6
Dodge: Dodged            |    37 |    30 ||    67

Table legend: (Time is in decaauts)
 A = Elapsed time spent in this place.
 B = Non-inter-level travel time spent in this place.
 C = Inter-level travel time spent in this place.
 D = Time resting spent in this place.
 E = Time spent auto-exploring this place.
 F = Levels seen in this place.
 G = Mean time per level.
                   A        B        C        D        E       F      G
               +--------+--------+--------+--------+--------+-----+--------+
         Total |   2949 |   2588 |    361 |      0 |   2096 |   4 |  737.2 |
       Dungeon |   2949 |   2588 |    361 |      0 |   2096 |   4 |  737.2 |
               +--------+--------+--------+--------+--------+-----+--------+

Top non-repeatable levels by time:
     D:3: 1255 daAuts
     D:1: 826 daAuts
     D:2: 791 daAuts
     D:4: 75 daAuts
